AoeStats
← Michi3052

Migration

506986997Analyzed
1v1 RM · 17d ago on Sep 16, 2026· 31m 17s· 2 players
Game mode
Random Map
Map size
132×132
Population
200
Speed
Normal
Resources
Standard
Victory
Conquest
Starting age
Dark Age
Ending age
Imperial Age
RankedLock teamsTeams togetherTeam positionsShared explorationLock speedFull tech treeHidden civsTurbo modeCheats
Victory
Defeat
🇨🇳 Poles · China
774
+15
🇪🇸 Teutons · Spain
758
-15
Michi3052
11:17 Feudal Age
16:51 Loom
18:25 Double-Bit Axe
18:44 Man-at-Arms
21:11 Wheelbarrow
21:13 Gold Mining
23:38 Castle Age
25:18 Gambesons
25:35 Long Swordsman
29:43 Stone Mining
30:13 Squires
40436350
0:58 Loom
13:03 Feudal Age
16:40 Fishing Lines
23:13 Castle Age
21:37 Double-Bit Axe
23:41 Pikeman
25:31 Bloodlines
27:13 Gillnets
27:44 Forging
28:51 Bow Saw
29:25 Horse Collar
30:36 Fletching
31:22 Iron Casting
Connection lost

Rejoining the realm…

Still unreachable

The connection could not be restored.

Session expired

The server has moved on; the page needs a fresh start.